 Dungeon Crawl Stone Soup version 0.21.1-1-g345015fe64 (webtiles) character file.

161 Fascinator the Sneak (level 5, -5/26 HPs)
             Began as a Vine Stalker Assassin on July 22, 2018.
             Killed from afar by an orc wizard (8 damage)
             ... with a puff of flame
             ... on level 2 of the Dungeon.
             The game lasted 00:07:33 (1379 turns).

Fascinator the Sneak (Vine Stalker Assassin)        Turns: 1379, Time: 00:07:34

Health: -5/26      AC:  3    Str: 14    XL:     5   Next: 42%
Magic:  0/6        EV: 12    Int:  7    God:
Gold:   121        SH:  0    Dex: 16    Spells: 4/4 levels left

rFire    . . .     SeeInvis .   a - +2 dagger
rCold    . . .     Gourm    .   (no shield)
rNeg     . . .     Faith    .   c - +0 robe
rPois    .         Spirit   +   (no helmet)
rElec    .         Reflect  .   d - +0 cloak
rCorr    .         Harm     .   (no gloves)
MR       .....                  (no boots)
Stlth    +++.......             (no amulet)
HPRegen  0.48/turn              j - -4 ring of intelligence (curse)
MPRegen  0.10/turn              (no ring)

@: no status effects
A: fangs 2, regeneration 1, magic shield, antimagic bite, no potion heal 3, rot
immunity
a: no special abilities


You were on level 2 of the Dungeon.
You were not hungry.

You visited 1 branch of the dungeon, and saw 3 of its levels.

You collected 121 gold pieces.

Inventory:

Hand Weapons
 a - a +2 dagger (weapon)
 b - a +0 blowgun
Missiles
 e - 24 poisoned needles
 f - 2 curare-tipped needles
Armour
 c - a +0 robe (worn)
 d - a +0 cloak (worn)
Jewellery
 j - a cursed -4 ring of intelligence (left hand)
 m - a cursed -6 ring of intelligence
Scrolls
 k - 2 scrolls of blinking {unknown}
 n - a scroll of teleportation {unknown}
 o - a scroll of enchant armour {unknown}
 p - a scroll of random uselessness {unknown}
 q - a scroll of identify {unknown}
 s - 2 scrolls of remove curse {unknown}
Potions
 h - a potion of degeneration {unknown}
 i - a potion of curing {unknown}
 l - 2 potions of brilliance {unknown}
 r - a potion of heal wounds {unknown}
 t - a potion of haste {unknown}
Comestibles
 g - 2 rations


   Skills:
 + Level 2.2 Fighting
 + Level 2.3 Short Blades
 + Level 3.0 Throwing
 + Level 1.0 Dodging
 * Level 6.7 Stealth


You had 4 spell levels left.
You didn't know any spells.

Dungeon Overview and Level Annotations

Branches:
Dungeon (3/15)

Altars:
Ashenzari


Innate Abilities, Weirdness & Mutations

You have extremely sharp teeth.
Your natural rate of healing is unusually fast.
When hurt, damage is shared between your health and your magic reserves.
Your bite disrupts and absorbs the magic of your enemies.
Potions cannot restore your health.
You are immune to rotting.


Message History

The orc wizard is heavily wounded.
The orc closely misses you.
The orc wizard mumbles some strange words.
The orc wizard flickers and vanishes!
Deactivating autopickup; reactivate with Ctrl-A.
The orc hits you with a dagger.
You hit something. You bite something. You drain its magic.
You feel invigorated. Something barely misses you. The orc closely misses you.
The orc hits you but does no damage.
You hit something but do no damage. Something hits you.
The orc hits you with a hand axe.
* * * LOW HITPOINT WARNING * * *
The orc hits you with a dagger.
* * * LOW HITPOINT WARNING * * *
Okay, then.
You hit something.
You hear some strange, mumbled words.
A puff of flame appears from out of thin air!
The puff of flame hits you!
You die...

##...#.....# #.........
#####..##.####.........
##.##.##...........
#.#.รท####......###
#...## #..)...##. #..##
#......#.. #..#
#......#.. #{o#
#......... #@##
#......#.. #o#
#......#.. ###
######.##. #.### #....
#####


You could see 2 orcs.

Vanquished Creatures
  An orc wizard (D:2)
  Natasha (thrice) (D:2)
  A gnoll (D:1)
  A worm (D:2)
  2 dart slugs (D:1)
  An orc (D:2)
  4 goblins
  9 hobgoblins
  6 kobolds
  8 bats
  2 frilled lizards (D:1)
  A rat (D:2)
39 creatures vanquished.

Notes
Turn   | Place    | Note
-------+----------+-------------------------------------------
     0 | D:1      | Fascinator the Vine Stalker Assassin began the quest for the Orb.
     0 | D:1      | Reached XP level 1. HP: 11/11 MP: 2/2
    73 | D:1      | Reached skill level 5 in Stealth
    88 | D:1      | Reached XP level 2. HP: 14/15 MP: 3/3
   266 | D:1      | Reached XP level 3. HP: 18/18 MP: 4/4
   844 | D:2      | Noticed Natasha
   852 | D:2      | Killed Natasha
   852 | D:2      | Reached skill level 6 in Stealth
   852 | D:2      | Gained mutation: Your natural rate of healing is unusually fast. [Vine Stalker growth]
   852 | D:2      | Reached XP level 4. HP: 16/23 MP: 2/5
   882 | D:2      | Found a shattered altar of Ashenzari.
   935 | D:2      | Noticed Natasha
   955 | D:2      | Killed Natasha
   975 | D:2      | Noticed Natasha
   986 | D:2      | Killed Natasha
   986 | D:2      | Reached skill level 1 in Dodging
   986 | D:2      | Reached XP level 5. HP: 5/26 MP: 1/6
  1379 | D:2      | Killed from afar by an orc wizard

Skill      XL: |  1  2  3  4  5 |
---------------+----------------+-----
Stealth        | 5 6 |  6.7
Throwing       | 2 3 |  3.0
Fighting       | 2 |  2.2
Short Blades   | 2 |  2.3
Dodging        | 1 |  1.0

Action                   |  1- 3 |  4- 6 || total
-------------------------+-------+-------++-------
Melee: Dagger            |    37 |    50 ||    87
       Bite              |    11 |    12 ||    23
 Fire: Blowgun           |    21 |     6 ||    27
 Stab: Sleeping          |     3 |     5 ||     8
  Eat: Chunk             |       |     1 ||     1
Armor: Robe              |    10 |     6 ||    16
Dodge: Dodged            |    18 |    30 ||    48
